 Dungeon Sprint DCSS version 0.30-a0-737-gf23d94013f (webtiles) character file.

Game seed: 11616461330426321322

770 rocky1 the Basher (level 7, -6/75 HPs)
             Began as an Ogre Gladiator on Feb 3, 2023.
             Was an Initiate of Gozag.
             Mangled by a troll (7 damage)
             ... in the Dungeon (Sprint IX: "|||||||||||||||||||||||||||||").
             The game lasted 00:03:35 (878 turns).

rocky1 the Basher (Ogre Gladiator)                   Turns: 878, Time: 00:03:35

Health: -6/75      AC:  4    Str: 24    XL:     7   Next: 83%
Magic:  7/7        EV: 13    Int:  9    God:    Gozag
Gold:   0          SH:  0    Dex: 10    Spells: 6/6 levels left

rFire   . . .      SeeInvis .    a - +0 flail
rCold   . . .      Faith    .    (no shield)
rNeg    . . .      Spirit   .    b - +0 robe
rPois   .          Reflect  .    c - +0 hat
rElec   .          Harm     .    p - +0 cloak
rCorr   .          Rampage  .    (gloves unavailable)
Will    .....      NoTele   +    (boots unavailable)
Stlth   +                        (no amulet)
HPRegen 0.32/turn                r - +2 ring of evasion
MPRegen 0.10/turn                q - +3 ring of strength

@: gold aura, hasted, very quick
A: large, unfitting armour, tough skin 1
a: Renounce Religion, Potion Petition, Call Merchant, Bribe Branch


You were in the Dungeon.
You worshipped Gozag.
Gozag was noncommittal.
You visited 1 branch

Inventory:

Hand Weapons
 a - a +0 flail (weapon)
 n - a +2 heavy dire flail
 o - a +3 war axe of venom
Missiles
 e - a large rock (quivered)
Armour
 b - a +0 robe (worn)
 c - a +0 hat (worn)
 p - a +0 cloak (worn)
Jewellery
 q - a +3 ring of strength (right hand)
 r - a +2 ring of evasion (left hand)
Wands
 m - a wand of acid (7)
Scrolls
 l - 2 scrolls of amnesia
Potions
 f - 4 potions of curing
 i - 4 potions of magic


   Skills:
 + Level 6.2 Fighting
 + Level 13.7 Maces & Flails
 - Level 2.0 Throwing
 + Level 3.3 Armour
 + Level 4.8 Dodging


You had 6 spell levels left.
You didn't know any spells.
Your spell library was empty.

Dungeon Overview and Level Annotations

Branches:
Dungeon (1/1)

Altars:
Cheibriados
Dithmenos
Elyvilon
Fedhas
Gozag
Hepliaklqana
Kikubaaqudgha
Makhleb
Nemelex Xobeh
Okawaru
Qazlal
Ru
Sif Muna
Trog
Uskayaw
Vehumet
Wu Jian
Xom
Yredelemnul
Zin
The Shining One
Jiyva
Lugonu


Innate Abilities, Weirdness & Mutations

You are too large for most types of armour.
You have tough skin. (AC +1)


Message History

The killer bee stings you.
You closely miss the killer bee.
The killer bee is almost dead.
The killer bee stings you but does no damage.
You miss the killer bee.
The killer bee is almost dead.
The killer bee misses you. The killer bee barely misses you.
You barely miss the killer bee.
The killer bee is almost dead.
The killer bee closely misses you.
You barely miss the killer bee.
The killer bee is almost dead.
The killer bee misses you. The killer bee barely misses you.
You hit the killer bee.
You kill the killer bee!
Your Fighting skill increases to level 6!
Okay, then.
You hit the troll but do no damage. You hit the troll.
The troll is lightly wounded.
The troll closely misses you. The troll claws you! x2
You closely miss the troll.
The troll is lightly wounded.
The troll bites you! The troll barely misses you. The troll closely misses you.
You sock the troll!
The troll is heavily wounded.
The troll bites you!
* * * LOW HITPOINT WARNING * * *
The troll barely misses you. The troll claws you!
* * * LOW HITPOINT WARNING * * *
You barely miss the troll.
The troll is heavily wounded.
Unknown command.
Press < or > to pray at altars.
Okay, then.
You feel yourself speed up. The troll closely misses you. The troll claws you!
* * * LOW HITPOINT WARNING * * *
The troll claws you!
You die...
Your body crumbles into a pile of gold.

▓$▓
$
▓[▓
▓.▓
$
▓.▓
$
▓)▓
$
▓.▓
$
▓.▓
$
▓T▓
▓@▓
$
▓_▓
$
▓_▓
$
▓_▓
$
▓_▓
$
▓_▓
$
▓_▓
$
▓_▓
$
▓_▓


You could see a troll.

Vanquished Creatures
  An unseen horror (D)
  A yak (D)
  A vampire mosquito (D)
  An acid dragon (D)
  A scorpion (D)
  A killer bee (D)
  A hound (D)
  An iguana (D)
  A gnoll (D)
  An orc (D)
  3 endoplasms (D)
  A bat (D)
  A rat (D)
15 creatures vanquished.

Notes
Turn   | Place    | Note
-------+----------+-------------------------------------------
     0 | D        | rocky1 the Ogre Gladiator began the quest for the Orb.
     0 | D        | Reached XP level 1. HP: 22/22 MP: 1/1
     6 | D        | Reached skill level 3 in Maces & Flails
    10 | D        | Reached skill level 4 in Maces & Flails
    31 | D        | Noticed an iguana
    31 | D        | Noticed a scorpion
    31 | D        | Noticed a hound
    37 | D        | Reached skill level 5 in Maces & Flails
    37 | D        | Reached XP level 2. HP: 18/29 MP: 2/2
    49 | D        | Reached skill level 6 in Maces & Flails
    49 | D        | Reached XP level 3. HP: 27/36 MP: 3/3
    49 | D        | Killed a scorpion
    50 | D        | Reached skill level 8 in Maces & Flails
    50 | D        | Reached XP level 4. HP: 33/44 MP: 4/4
    56 | D        | Reached skill level 9 in Maces & Flails
    56 | D        | Reached XP level 5. HP: 29/50 MP: 5/5
   162 | D        | Found a snail-covered altar of Cheibriados.
   162 | D        | Found a shadowy altar of Dithmenos.
   162 | D        | Found a white marble altar of Elyvilon.
   162 | D        | Found a blossoming altar of Fedhas.
   162 | D        | Found an opulent altar of Gozag.
   163 | D        | Found a hazy altar of Hepliaklqana.
   164 | D        | Found a viscous altar of Jiyva.
   165 | D        | Found an ancient bone altar of Kikubaaqudgha.
   166 | D        | Found a corrupted altar of Lugonu.
   167 | D        | Found a burning altar of Makhleb.
   168 | D        | Found a sparkling altar of Nemelex Xobeh.
   169 | D        | Found an iron altar of Okawaru.
   170 | D        | Became a worshipper of Gozag Ym Sagoz the Greedy
   171 | D        | Found a stormy altar of Qazlal.
   172 | D        | Found a sacrificial altar of Ru.
   173 | D        | Found a shimmering blue altar of Sif Muna.
   174 | D        | Found a bloodstained altar of Trog.
   175 | D        | Found a hide-covered altar of Uskayaw.
   176 | D        | Found a radiant altar of Vehumet.
   177 | D        | Found an ornate altar of the Wu Jian Council.
   178 | D        | Found a shimmering altar of Xom.
   179 | D        | Found a basalt altar of Yredelemnul.
   180 | D        | Found a glowing silver altar of Zin.
   181 | D        | Found a glowing golden altar of the Shining One.
   214 | D        | Noticed a troll
   214 | D        | Noticed an acid dragon
   214 | D        | Noticed a vampire mosquito
   214 | D        | Noticed a yak
   224 | D        | Killed a yak
   225 | D        | Reached skill level 11 in Maces & Flails
   225 | D        | Reached XP level 6. HP: 22/59 MP: 6/6
   229 | D        | Killed a vampire mosquito
   230 | D        | Reached skill level 13 in Maces & Flails
   233 | D        | Killed an unseen horror
   234 | D        | Reached skill level 5 in Fighting
   234 | D        | Reached XP level 7. HP: 30/72 MP: 7/7
   878 | D        | HP: 1/75 [troll (11)]
   878 | D        | Mangled by a troll

Illustrated notes

Levels and vault maps discovered:
D:        linesprint [early_d, line_temple, items_1, d_10, items_2, lair_1,
          lair_end, items_3, orc_1, orc_end, items_4, d_15, swamp_1, shoals_1,
          snake_1, spider_1, d_20, vaults_1, items_5, swamp_end, shoals_end,
          snake_end, spider_end, vaults_end, d_27, items_6, zot_1, zot_end,
          crypt_end, forest_end, elf_end, slime_end, tomb_end, abyss_end,
          pan_hell_end]

Skill      XL: |  1  2  3  4  5  6  7 |
---------------+----------------------+-----
Maces & Flails | 5 6 8 9 11 13 | 13.7
Fighting       | 5 6 |  6.2
Armour         | 2 3 |  3.3
Dodging        | 4 |  4.8
Throwing       | |  2.0

Action                     |  1- 3 |  4- 6 |  7- 9 || total
---------------------------+-------+-------+-------++-------
  Melee: Flail             |    27 |    16 |    23 ||    66
  Throw: Throwing net      |     3 |       |     1 ||     4
         Large rock        |     1 |       |       ||     1
  Evoke: Wand              |       |     3 |       ||     3
    Use: Potion            |     1 |     4 |     2 ||     7
         Scroll            |       |       |     2 ||     2
   Stab: Invisible         |       |     1 |     1 ||     2
         Held in net/web   |       |       |     2 ||     2
         Distracted        |       |       |     1 ||     1
 Armour: Robe              |    12 |     3 |     1 ||    16
  Dodge: Dodged            |    17 |     8 |    14 ||    39

Table legend: (Time is in decaauts)
 A = Elapsed time spent in this place.
 B = Non-inter-level travel time spent in this place.
 C = Inter-level travel time spent in this place.
 D = Time resting spent in this place.
 E = Time spent auto-exploring this place.
 F = Levels seen in this place.
 G = Mean time per level.
                   A        B        C        D        E       F      G
               +--------+--------+--------+--------+--------+-----+--------+
         Total |    880 |    880 |      0 |    662 |      0 |   1 |  880.0 |
       Dungeon |    880 |    880 |      0 |    662 |      0 |   1 |  880.0 |
               +--------+--------+--------+--------+--------+-----+--------+

Top non-repeatable levels by time:
       D: 880 daAuts
